 Dungeon Crawl Stone Soup version 0.26-a0-771-g060e6a62af (webtiles) character file.

Game seed: 6697626913222245181

18 Sobieck the Chiller (level 2, -1/19 HPs)
             Began as a Merfolk Ice Elementalist on Nov 8, 2020.
             Slain by a hound (5 damage)
             ... on level 4 of the Dungeon.
             The game lasted 00:01:26 (476 turns).

Sobieck the Chiller (Merfolk Ice Elementalist)       Turns: 476, Time: 00:01:26

Health: -1/19      AC:  2    Str:  8    XL:     2   Next: 66%
Magic:  5/5        EV: 13    Int: 14    God:
Gold:   45         SH:  0    Dex: 14    Spells: 4/5 levels left

rFire    . . .     SeeInvis .   (no weapon)
rCold    . . .     Faith    .   (no shield)
rNeg     . . .     Spirit   .   a - +0 robe
rPois    .         Reflect  .   (no helmet)
rElec    .         Harm     .   (no cloak)
rCorr    .         Rampage  .   (no gloves)
MR       .....                  (no boots)
Stlth    +.........             (no amulet)
HPRegen  0.06/turn              (no ring)
MPRegen  0.09/turn              (no ring)

@: confused
A: change form in water, swift swim, stealthy swim
a: no special abilities


You were on level 4 of the Dungeon.
You visited 1 branch of the dungeon, and saw 4 of its levels.

You collected 45 gold pieces.

Inventory:

Missiles
 c - 33 stones (quivered)
Armour
 a - a +0 robe (worn)
Scrolls
 e - a scroll of remove curse {unknown}
 f - a scroll of teleportation {unknown}
Potions
 b - a potion of resistance {unknown}
 d - a potion of curing {unknown}


   Skills:
 - Level 2.6 Dodging
 - Level 2.1 Stealth
 - Level 2.0 Spellcasting
 * Level 5.2 Ice Magic


You had 4 spell levels left.
You knew the following spells:

 Your Spells              Type           Power        Failure   Level
a - Freeze                Ice            ###.         2%          1

Your spell library contained the following spells:

 Spells                   Type           Power        Failure   Level
 Frozen Ramparts          Ice            ###...       9%          3
 Ozocubu's Armour         Ice            ###.....     9%          3
 Magic Dart               Conj           #...         24%         1
 Blink                    Tloc           N/A          34%         2
 Call Imp                 Summ           #.......     34%         2
 Slow                     Hex            #.......     34%         2
 Conjure Flame            Conj/Fire      #.......     56%         3
 Mephitic Cloud           Conj/Pois/Air  #.......     56%         3
 Hailstorm                Conj/Ice       #.......     63%         4
 Summon Ice Beast         Ice/Summ       #.......     63%         4


Dungeon Overview and Level Annotations

Branches:
Dungeon (4/15)
 Temple: D:4-7

Altars:


Message History

There is an open door here. 2 orc wizards come into view.
Found a stone staircase leading down.
An orc priest comes into view. It is wielding a +0 club.
The orc wizard shouts!
A hound comes into view.
The hound barks!
The orc wizard casts a spell at you. You resist with significant effort.
The orc wizard points at you and mumbles some strange words.
The magic dart hits you!
The orc wizard gestures at you while chanting.
The puff of flame hits you!
* * * LOW HITPOINT WARNING * * *
The orc wizard points at you and mumbles some strange words.
You are confused.
The hound bites you but does no damage.
There is an open door here.
The hound bites you.
You die...

.........##.....#.#
#..........#.......
#..........#.......
#.....##'###.......
###...o.##.#
#.....oo
#.......##.#
#..>....
#.......##.#
#.......
#.......##.#
#.......
#...@h..##.# ....
#####'####.###....
#............#
######...##..#
######...#
#<...'...#
######...# #...#
#...#


You could see a hound and an orc wizard.

Vanquished Creatures
  An adder (D:2)
  A leopard gecko (D:4)
  A giant cockroach (D:2)
  2 quokkas (D:2)
  A bat (D:2)
  A frilled lizard (D:1)
  2 rats (D:2)
9 creatures vanquished.

Notes
Turn   | Place    | Note
-------+----------+-------------------------------------------
     0 | D:1      | Sobieck the Merfolk Ice Elementalist began the quest for
                  | the Orb.
     0 | D:1      | Reached XP level 1. HP: 13/13 MP: 3/3
    96 | D:2      | Reached XP level 2. HP: 12/19 MP: 0/5
   298 | D:2      | Reached skill level 5 in Ice Magic
   476 | D:4      | Slain by a hound

Illustrated notes

Levels and vault maps discovered:
D:1:      dpeg_arrival_circle_labyrinth_c, layout_loops_ring,
          lexackson_kobold_supper
D:2:      layout_rooms, grunt_temple_overflow_gold_and_silver, serial_forest,
          infiniplex_forest_lined_room_, infiniplex_forest_lined_2,
          infiniplex_forest_end_3, infiniplex_forest_3_way,
          infiniplex_forest_clump_medium, corner_web_ring
D:3:      layout_loops_cross, lemuel_crystal_altar, nemelex_spade_bored_becter,
          uniq_ijyb
D:4:      layout_basic, serial_shops, shop, tso_altar

Skill      XL: |  1  2 |
---------------+-------+-----
Ice Magic      | 5 |  5.2
Dodging        | |  2.6
Stealth        | |  2.1
Spellcasting   | |  2.0

Action                   || total
-------------------------++-------
Throw: Stone             ||     2
 Cast: Freeze            ||    14
Armor: Robe              ||     2
Dodge: Dodged            ||     7

Table legend: (Time is in decaauts)
 A = Elapsed time spent in this place.
 B = Non-inter-level travel time spent in this place.
 C = Inter-level travel time spent in this place.
 D = Time resting spent in this place.
 E = Time spent auto-exploring this place.
 F = Levels seen in this place.
 G = Mean time per level.
                   A        B        C        D        E       F      G
               +--------+--------+--------+--------+--------+-----+--------+
         Total |    476 |    468 |      8 |    240 |     87 |   4 |  119.0 |
       Dungeon |    476 |    468 |      8 |    240 |     87 |   4 |  119.0 |
               +--------+--------+--------+--------+--------+-----+--------+

Top non-repeatable levels by time:
     D:1: 277 daAuts
     D:2: 142 daAuts
     D:4: 50 daAuts
     D:3: 5 daAuts
